 Dungeon Crawl Stone Soup version 0.31-a0-826-ga5cc291a1b (webtiles) character file.

Game seed: 10812997872193647779

58 qw the Shooter (level 4, -3/27 HPs)
             Began as a Gargoyle Hunter on Sept 23, 2023.
             Killed from afar by Sigmund (10 damage)
             ... with a puff of flame
             ... on level 2 of the Dungeon.
             The game lasted 00:00:31 (737 turns).

qw the Shooter (Gargoyle Hunter)                     Turns: 737, Time: 00:00:32

Health: -3/27      AC: 10    Str: 14    XL:     4   Next: 1%
Magic:  4/4        EV: 10    Int: 10    God:
Gold:   43         SH:  0    Dex: 15    Spells: 3/3 levels left

rFire   . . .        Y - +0 shortbow
rCold   . . .        (shield currently unavailable)
rNeg    + . .        e - +0 ring mail
rPois   inf          d - +0 helmet
rElec   +            f - +0 cloak
rCorr   .            (no gloves)
SInv    .            (no boots)
Will    .....        h - amulet of regeneration
Stlth   +            (no ring)
HPRegen 1.04/turn    (no ring)
MPRegen 0.09/turn

%: no passive effects
@: no status effects
A: sickness immunity, AC +3, negative energy resistance 1, electricity
resistance, torment resistance 1, petrification resistance
a: no special abilities


You were on level 2 of the Dungeon.
You visited 1 branch of the dungeon, and saw 2 of its levels.

You collected 43 gold pieces.


Innate Abilities, Weirdness & Mutations

You are immune to sickness and miasma.
Your stone body is resilient. (AC +3)
You are immune to poison.
You resist negative energy. (rN+)
You are resistant to electric shocks. (rElec)
You are resistant to unholy torment.
You are immune to petrification.


   Skills:
 + Level 2.9 Fighting
 - Level 5.0 Ranged Weapons
 - Level 1.0 Armour
 - Level 1.5 Dodging
 - Level 1.1 Stealth


You had 3 spell levels left.
You didn't know any spells.
Your spell library was empty.

Inventory:

Hand Weapons
 Y - a +0 shortbow (weapon)
Armour
 d - a +0 helmet (worn)
 e - a +0 ring mail (worn)
 f - a +0 cloak (worn)
Jewellery
 h - an amulet of regeneration (around neck)
Scrolls
 b - a scroll of teleportation {unknown}
Potions
 a - 2 potions of mutation {unknown}
 j - a potion of curing {unknown}

Dungeon Overview and Level Annotations

Branches:
Dungeon (2/15)

Altars:

Annotations:
D:2 Sigmund


Message History

Sigmund barely misses you.
You shoot an arrow. The arrow hits Sigmund.
Sigmund is almost dead.
You shoot an arrow. The arrow closely misses Sigmund.
Sigmund casts a spell at you. The puff of flame misses you.
Sigmund gestures at you while chanting. The magic dart hits you.
You shoot an arrow. The arrow barely misses Sigmund.
Sigmund casts a spell at you.
You are confused.
A worm comes into view.
Sigmund casts a spell at you. The puff of flame hits you!
Sigmund points at you and mumbles some strange words.
The puff of flame hits you. Sigmund closely misses you.
Sigmund hits you from afar with a +0 scythe of flaming.
Sigmund burns you.
Sigmund casts a spell.
Sigmund flickers and vanishes!
Deactivating autopickup; reactivate with Ctrl-A.
You feel less confused. Something hits you. Something burns you.
730 ||| FLEEEEING.
731 ||| FLEEEEING.
732 ||| FLEEEEING.
A magic dart appears from out of thin air!
The magic dart hits you.
733 ||| FLEEEEING.
A magic dart appears from out of thin air!
The magic dart hits you!
734 ||| FLEEEEING.
735 ||| FLEEEEING.
736 ||| FLEEEEING.
You see here a +0 dagger.
737 ||| STILL FLEEEEING.
A puff of flame appears from out of thin air!
The puff of flame hits you!
You die...

.. ...............
.#.#.#.#.#.#...............
................#...........
.#.#.#.#.#.#.#...............
.........:.........#..........
#.#[#.#.#.#.#.#.......#.#.....
....................##.##....
#.#.#.#.#.#@#.%........##...
..............).%%%.............
#.#. .#.#.#.#.#.#...............
..... #...................###..
.....#+#..............##...# #..
....)....{.#..........##...# #.#
..........##...............###.#
##......##.............<......
#..................##........


There were no monsters in sight!

Vanquished Creatures
  2 adders (D:2)
  A worm (D:2)
  A dart slug (D:1)
  3 ball pythons
  4 endoplasms
  2 giant cockroaches (D:1)
  4 goblins
  4 hobgoblins
  A jackal (D:2)
  3 quokkas (D:1)
  3 bats
  3 kobolds (D:1)
  3 rats
34 creatures vanquished.

Notes
Turn   | Place    | Note
-------+----------+-------------------------------------------
     0 | D:1      | qw the Gargoyle Hunter began the quest for the Orb.
     0 | D:1      | Reached XP level 1. HP: 12/12 MP: 1/1
     0 | D:1      | 0 ||| qw: Version: 0.3-a-83-gcd0e7d8
     0 | D:1      | 0 ||| qw: Game counter: 1922
     0 | D:1      | 0 ||| qw: Melee chars always use a shield: true
     0 | D:1      | 0 ||| qw: God list: Okawaru
     0 | D:1      | 0 ||| qw: Allow faded altars: false
     0 | D:1      | 0 ||| qw: Do Orc after clearing Dungeon:15 true
     0 | D:1      | 0 ||| qw: Do second Lair branch before Depths: true
     0 | D:1      | 0 ||| qw: Lair rune preference: random
     0 | D:1      | 0 ||| qw: Goals: Normal
     0 | D:1      | 0 ||| PLANNING D:1-11
   274 | D:1      | Reached XP level 2. HP: 17/17 MP: 2/2
   474 | D:1      | Reached XP level 3. HP: 21/21 MP: 3/3
   555 | D:1      | Reached skill level 5 in Ranged Weapons
   583 | D:1      | 583 ||| UPGRADING to +0 helmet.
   588 | D:1      | 588 ||| UPGRADING to +0 ring mail.
   598 | D:1      | 598 ||| DROPPING +0 leather armour.
   599 | D:1      | 599 ||| UPGRADING to +0 cloak.
   604 | D:1      | 604 ||| UPGRADING to amulet of regeneration.
   609 | D:1      | 609 ||| READING scroll labelled YTUFEM RIRAMI.
   610 | D:1      | 610 ||| READING 2 scrolls labelled WOHUN VAOSTE.
   611 | D:1      | 611 ||| DRINKING 2 amethyst potions.
   612 | D:1      | 612 ||| DROPPING scroll of butterflies.
   613 | D:1      | 613 ||| DROPPING scroll of blinking.
   653 | D:2      | Reached skill level 1 in Armour
   694 | D:2      | Noticed Sigmund
   706 | D:2      | Reached XP level 4. HP: 23/27 MP: 4/4
   716 | D:2      | HP: 5/27 [Sigmund/+0 scythe of flaming (9)]
   716 | D:2      | HP: 2/27 [Sigmund/+0 scythe of flaming (3)]
   717 | D:2      | 717 ||| DRINKING potion of heal wounds.
   730 | D:2      | 730 ||| FLEEEEING.
   731 | D:2      | 731 ||| FLEEEEING.
   732 | D:2      | 732 ||| FLEEEEING.
   733 | D:2      | 733 ||| FLEEEEING.
   733 | D:2      | HP: 3/27 [something/magic dart (8)]
   734 | D:2      | 734 ||| FLEEEEING.
   735 | D:2      | 735 ||| FLEEEEING.
   736 | D:2      | 736 ||| FLEEEEING.
   737 | D:2      | Killed from afar by Sigmund

Levels and vault maps discovered:
D:1:      dpeg_arrival_tiny_d, layout_basic
D:2:      layout_basic, basic_altar, st_stairs_11,
          minmay_randomly_rotated_circles, uniq_sigmund

Skill      XL: |  1  2  3 |
---------------+----------+-----
Ranged Weapons | 5 |  5.0
Armour         | 1 |  1.0
Fighting       | |  2.9
Dodging        | |  1.5
Stealth        | |  1.1

Action                     |  1- 3 |  4- 6 || total
---------------------------+-------+-------++-------
   Fire: Shortbow          |   117 |     7 ||   124
    Use: Scroll            |     2 |       ||     2
         Potion            |     1 |     1 ||     2
 Armour: Leather armour    |    22 |       ||    22
         Ring mail         |    40 |    12 ||    52
  Dodge: Dodged            |    55 |     7 ||    62

Table legend:
 A = Non-vault XP
 B = Vault XP
 C = Vault XP percentage of total XP
 D = Non-vault monster count
 E = Vault monster count
 F = Vault count percentage of total count
                 A         B        C        D         E       F
            +---------+---------+-------+---------+---------+-------
      Total |      74 |       9 |  10.8 |      30 |       4 |  11.8
            +---------+---------+-------+---------+---------+-------
        D:1 |      40 |       0 |   0.0 |      23 |       0 |   0.0
        D:2 |      34 |       9 |  20.9 |       7 |       4 |  36.4
            +---------+---------+-------+---------+---------+-------
